Map: Terrenos sagrados

Players

MrFercho

  • Race: Terran Terran
  • Spawn Location: 12:00

tigro

  • Race: Terran Terran
  • Spawn Location: 12:00

AdaptyR

  • Race: Protoss Protoss
  • League: Master
  • Spawn Location: 6:00

llllllllll

  • Race: Terran Terran
  • League: Silver
  • Spawn Location: 6:00

VOD

Have the link to the VOD?

Description

Time

  • Played on: July 29, 2019, 10:57 p.m.
  • Length: 12:18
Show
View Real Time Build Order
Export as new Build Order

MrFercho Terran 

Build Orders:  

Get SALT Encoding   

  12  0:01  SCV  
  13  0:24  SCV  
  14  0:35  Supply Depot  
  14  0:36  SCV  
  15  1:06  SCV  
  15  1:18  SCV  
  15  1:25  Barracks  
  16  1:29  Refinery  
  16  1:36  Engineering Bay  
  16  1:37  SCV  
  17  1:49  SCV  
  18  2:01  SCV  
  19  2:11  Supply Depot  
  19  2:14  SCV  
  20  2:26  SCV  
  20  2:28  Refinery  
  21  2:35  Supply Depot, Reaper  
  22  2:38  SCV  
  23  2:50  SCV  
  24  2:57  Supply Depot  
  24  3:21  Supply Depot  
  24  3:29  Barracks Tech Lab  
  24  3:45  Factory  
  24  4:10  Command Center  
  24  4:29  Factory  
  23  4:59  Factory Tech Lab  
  23  5:02  Bunker  
  23  5:03  SCV  
  24  5:15  SCV  
  24  5:16  Marine  
  26  5:23  Refinery  
  26  5:27  SCV  
  27  5:34  Marine  
  28  5:39  SCV  
  29  5:50  Refinery  
  29  5:51  SCV  
  29  5:52  Marine  
  31  6:09  Marine  
  32  6:14  Sensor Tower  
  32  6:23  SCV  
  33  6:27  Marine  
  33  6:32  Orbital Command  
  34  6:35  SCV  
  34  6:36  Factory Tech Lab  
  35  6:43  Armory  
  35  6:46  Terran Infantry Armor Level 1  
  35  6:47  SCV  
  36  6:59  SCV  
  37  7:11  SCV  
  38  7:20  Missile Turret  
  28  7:42  Missile Turret  
  6  8:51  Thor, Siege Tank  
  16  8:55  SCV  
  16  9:07  SCV  
  17  9:20  SCV  
  18  9:32  SCV  
  19  9:44  SCV  
  20  9:58  Starport  
  20  10:00  Starport  
  20  10:22  Widow Mine x2  
  24  10:31  SCV  
  25  10:43  Widow Mine, SCV  
  28  10:55  SCV  
  25  11:07  SCV  
  24  11:19  SCV  
  24  11:24  Medivac  
Show
View Real Time Build Order
Export as new Build Order

tigro Terran 

Build Orders:  

Get SALT Encoding   

  12  0:05  SCV  
  13  0:25  Supply Depot, SCV  
  14  0:37  SCV  
  15  1:05  Barracks  
  15  1:20  Refinery  
  15  1:26  Refinery  
  15  1:31  SCV  
  16  1:43  SCV  
  17  1:55  SCV  
  17  1:59  Engineering Bay  
  18  2:07  SCV  
  19  2:10  Marine  
  20  2:19  SCV  
  21  2:28  Marine  
  22  2:39  Barracks  
  22  2:46  Marine  
  23  3:29  Barracks Tech Lab  
  23  4:06  Combat Shield  
  23  4:07  Supply Depot  
  23  4:12  Terran Infantry Weapons Level 1  
  23  4:28  Barracks Tech Lab  
  23  4:33  Marine  
  24  4:51  Marine  
  25  5:08  Marauder  
  25  5:09  Marine  
  28  5:26  Factory  
  28  5:27  Marine  
  29  5:29  Marauder  
  31  5:46  Stimpack  
  31  6:07  Terran Infantry Armor Level 1  
  31  6:13  Missile Turret  
  31  6:33  Factory Tech Lab  
  31  6:34  Missile Turret  
  31  6:52  Marine  
  30  6:55  Marauder  
  30  6:57  Missile Turret  
  20  7:17  Marauder  
  22  7:26  Concussive Shells  
  22  7:38  Marauder  
  24  7:53  Armory  
  24  8:01  Neosteel Armor  
  24  8:20  Planetary Fortress  
  20  8:57  SCV  
  21  9:03  Marine  
  21  9:07  Marine  
  24  9:10  SCV  
  24  9:21  Marine  
  24  9:22  SCV  
  26  9:25  Marine  
  26  9:27  Starport  
  27  9:34  SCV  
  28  9:39  Marine  
  28  9:41  Hi-Sec Auto Tracking  
  28  9:43  Marine  
  30  9:46  SCV  
  30  9:52  Terran Vehicle Weapons Level 1  
  31  10:14  Supply Depot  
  31  10:31  Starport Tech Lab  
  31  10:36  Marine x2, SCV  
  31  10:42  Refinery  
  34  10:48  SCV  
  35  10:54  Marine x2  
  37  10:58  Rapid Reignition System  
  37  11:00  SCV  
  38  11:12  SCV  
  39  11:23  Medivac  
  13  11:38  Marine  
  14  11:55  Marine  
Show
View Real Time Build Order
Export as new Build Order

AdaptyR Protoss 

Build Orders: Dark Templar Rush 

Get SALT Encoding   

  12  0:01  Probe  
  13  0:13  Probe  
  14  0:19  Pylon  
  14  0:25  Probe  
  15  0:33  Probe  
  15  0:39  Gateway  
  15  0:41  Probe  
  16  0:49  Assimilator  
  17  0:51  Probe  
  18  0:58  Assimilator  
  18  1:01  Probe  
  19  1:09  Probe  
  19  1:17  Probe  
  21  1:28  Cybernetics Core  
  21  1:30  Probe  
  22  1:36  Pylon  
  22  1:42  Probe  
  23  2:04  Adept  
  25  2:11  Twilight Council  
  25  2:19  Warp Gate  
  25  2:20  Robotics Facility  
  25  2:33  Gateway x2  
  25  2:49  Dark Shrine  
  25  2:53  Pylon  
  25  3:08  Warp Prism  
  27  3:28  Nexus  
  27  3:58  Probe  
  28  4:07  Dark Templar  
  28  4:08  Dark Templar x2  
  34  4:10  Charge  
  34  4:17  Probe  
  35  4:43  Probe  
  35  4:44  Probe  
  37  4:55  Probe  
  36  5:17  Probe x2  
  36  5:25  Probe x2  
  36  5:33  Nexus  
  36  5:34  Pylon, Probe  
  36  5:35  Probe  
  38  5:36  Forge  
  38  5:37  Forge  
  40  5:43  Probe x2  
  40  5:44  Sentry, Adept  
  46  5:51  Assimilator, Probe x2  
  46  5:55  Assimilator  
  48  5:57  Pylon  
  48  6:01  Probe x2  
  50  6:07  Blink  
  50  6:08  Protoss Ground Weapons Level 1  
  50  6:10  Protoss Ground Armor Level 1  
  50  6:13  Probe x2  
  52  6:24  Robotics Bay  
  52  6:25  Probe x2  
  54  6:27  Robotics Facility  
  54  6:37  Probe x2  
  56  6:49  Probe x2  
  56  6:53  Probe  
  58  6:57  Probe  
  58  7:01  Probe x2  
  60  7:03  Pylon  
  60  7:05  Probe  
  62  7:13  Probe  
  64  7:18  Probe x2  
  66  7:25  Probe  
  66  7:27  Colossus x2  
  66  7:29  Extended Thermal Lance  
  79  7:33  Gateway  
  79  7:35  Gateway  
  80  7:37  Gateway, Probe  
  80  7:41  Gateway  
  80  7:42  Gateway  
  80  8:01  Probe x2  
  80  8:03  Assimilator  
  82  8:07  Assimilator  
  82  8:08  Probe  
  83  8:13  Protoss Ground Armor Level 2, Probe, Protoss Ground Weapons Level 2  
  83  8:15  Nexus  
  83  8:16  Pylon, Zealot x3  
  83  8:19  Pylon  
  90  8:25  Probe x2  
  90  8:26  Probe  
  93  8:31  Pylon x2  
  91  8:34  Colossus x2  
  91  8:48  Assimilator  
  103  8:52  Assimilator  
  103  8:54  Pylon  
  103  8:59  Zealot x6  
  115  9:11  Pylon  
  115  9:17  Probe x2  
  115  9:23  Probe  
  118  9:26  Pylon  
  118  9:29  Probe x2  
  118  9:31  Pylon  
  120  9:35  Gateway, Colossus  
  120  9:36  Colossus  
  120  9:37  Gateway  
  120  9:38  Pylon  
  120  9:42  Pylon  
  120  9:50  Probe  
  120  9:51  Probe  
  134  9:55  Templar Archives  
  134  10:13  Stalker x4  
  134  10:14  Stalker x4  
  146  10:20  Pylon  
  150  10:22  Pylon  
  150  10:38  High Templar x2  
  150  10:39  High Templar  
  150  10:40  High Templar x3  
  150  10:41  Stalker  
  150  10:42  Stalker x3  
  170  10:44  Archon x3  
  170  11:06  Observer  
  170  11:11  Zealot x4  
  173  11:12  Zealot x5  
  173  11:13  Zealot  
  187  11:35  Stalker x2  
  187  11:36  Stalker x4  
  197  11:54  Stalker  
Show
View Real Time Build Order
Export as new Build Order

llllllllll Terran 

Build Orders:  

Get SALT Encoding   

  12  0:01  SCV  
  13  0:17  SCV  
  13  0:19  Supply Depot  
  14  0:29  SCV  
  15  0:41  SCV  
  16  0:43  Barracks  
  16  0:55  SCV  
  17  1:07  SCV  
  18  1:19  Command Center  
  18  1:20  SCV  
  19  1:32  Marine  
  20  1:33  Orbital Command  
  20  1:42  Supply Depot  
  20  1:46  Refinery  
  20  1:50  Refinery  
  20  1:53  Marine  
  21  2:01  SCV  
  22  2:13  SCV  
  22  2:15  Bunker  
  22  2:23  Marine  
  22  2:26  SCV  
  24  2:32  Barracks, Orbital Command  
  24  2:40  SCV  
  24  2:43  Marine  
  26  2:51  Factory  
  26  2:54  SCV  
  27  3:07  SCV  
  27  3:08  SCV  
  27  3:10  Barracks Tech Lab  
  29  3:19  SCV  
  30  3:20  Barracks  
  30  3:25  Barracks Tech Lab  
  30  3:28  Barracks  
  30  3:29  Marine  
  30  3:34  SCV x2  
  33  3:39  Starport  
  33  3:41  Factory Reactor  
  33  3:48  Marine  
  33  3:53  SCV x2  
  36  3:55  Marine  
  37  4:04  Refinery  
  37  4:05  SCV x2  
  37  4:06  Marine  
  40  4:10  Supply Depot  
  40  4:11  Barracks Reactor  
  40  4:16  Barracks Reactor  
  40  4:17  SCV  
  40  4:22  Marauder  
  40  4:24  Marine  
  22  4:39  Medivac  
  22  4:42  Marine  
  22  4:43  Marine  
  23  4:51  Marine x2  
  25  4:59  Marine  
  21  5:01  Marine  
  21  5:09  Marine x2  
  10  5:17  Marine  
  10  5:19  Marine  
Tags
 
Add a new tag
Caveats
  • Supply blocks, unpowered buildings, or Contaminate may cause inaccurate times.
  • Supply counts are checked every 10 seconds.